[Event "Early-Titled-Tuesday-Blitz-June-18-2024"]
[Site "Chess.com"]
[Date "2024.06.18"]
[Round "3"]
[White "Aygehovit1992"]
[Black "nihalsarin"]
[Result "0-1"]
[WhiteElo "2793"]
[BlackElo "3181"]
[TimeControl "180+1"]
[EndTime "8:29:57 PDT"]
[Termination "nihalsarin won on time"]

1. e4 c5 2. Nf3 g6 3. Bc4 Bg7 4. c3 Nf6 5. Qe2 O-O 6. d4 cxd4 7. cxd4 d5 8. exd5 Nxd5 9. Nc3 Nb6 10. Bb3 Bg4 11.
Be3 Nc6 12. Rd1 Na5 13. h3 Nxb3 14. hxg4 Na5 15. Ng5 h6 16. Nge4 Nac4 17. Bxh6 Bxh6 18. Rxh6 Kg7 19. g5 Rh8 20. d5 Rxh6 21. gxh6+ Kxh6 22. b3 Nd6 23. Rd3 Kg7 24. Rh3 Qc7 25. Qd2 Rh8 26.
Qd4+ f6 27. Ng5 Qc8 28. Ne6+ Kf7 29. Rf3 Nf5 30. Qd3 Nxd5 31. Ng5+ fxg5 32. Qxd5+ Qe6+ 33. Qxe6+ Kxe6 34. Ne4 g4 35. Rf4 Rh1+ 36. Kd2 Ra1 37. Nc3 g3 38. fxg3 Rg1 39. g4 Rxg2+ 40. Kd3 Rg3+ 41. Kc4 Rxg4 0-1

[Event "Early-Titled-Tuesday-Blitz-June-18-2024"]
[Site "Chess.com"]
[Date "2024.06.18"]
[Round "3"]
[White "tptagain"]
[Black "Andrey_Klymchuk"]
[Result "1-0"]
[WhiteElo "2938"]
[BlackElo "2718"]
[TimeControl "180+1"]
[EndTime "8:29:57 PDT"]
[Termination "tptagain won by resignation"]

1. d4 Nf6 2. Nf3 e6 3. Bg5 c5 4. d5 exd5 5. e3 d6 6. Nc3 Be7 7.
Nxd5 Nxd5 8. Qxd5 O-O 9. O-O-O Bxg5 10. Nxg5 Nc6 11. a3 Qe7 12. Bb5 Rd8 13. Nf3 Be6 14. Qg5 Qxg5 15. Nxg5 h6 16. Nxe6 fxe6 17. Bxc6 bxc6 18.
h4 Kf7 19. h5 a5 20. a4 d5 21. b3 Rab8 22. f3 Rb4 23. Rd3 Rdb8 24. Rc3 c4 25. Rh4 cxb3 26. Rxb4 Rxb4 27. cxb3 Ke7 28.
Rxc6 Rxb3 29. Rc7+ Kf6 30. Ra7 Rxe3 31. Rxa5 Re2 32. g4 Rf2 33. Ra8 Ke7 34. a5 Ra2 35. a6 Kd6 36. f4 Kc5 37. Rg8 Rxa6 38. Rxg7 Ra4 39. g5 Rxf4 40. gxh6 Rf6 41. h7 Rh6 42. Kd2 Kd4 43. Ke2 e5 44. Kf3 Kd3 45. Kg4 e4 46.
Kg5 Rxh7 47. Rxh7 e3 48. Re7 d4 49. h6 Ke2 50. h7 d3 51. h8=Q d2 52. Qh2+ 1-0

[Event "Early-Titled-Tuesday-Blitz-June-18-2024"]
[Site "Chess.com"]
[Date "2024.06.18"]
[Round "3"]
[White "savitha1030"]
[Black "BlackBoarder"]
[Result "1-0"]
[WhiteElo "2580"]
[BlackElo "2733"]
[TimeControl "180+1"]
[EndTime "8:29:57 PDT"]
[Termination "savitha1030 won by resignation"]

1. e4 e6 2. d4 d5 3. Bd3 dxe4 4. Bxe4 Nf6 5. Bf3 Nbd7 6. Ne2 Bd6 7. O-O O-O 8. c4 e5 9. Nbc3 Re8 10. Bg5 h6 11. Bh4 g5 12. c5 Bf8 13. c6 e4 14. cxd7 Bxd7 15. Nxe4 Nxe4 16. Bg3 Bc6 17.
Nc3 Bg7 18. Bxe4 Bxe4 19. Re1 Bc6 20. Be5 Bxe5 21. dxe5 Qxd1 22. Raxd1 Rad8 23. Rxd8 Rxd8 24. Rd1 Rxd1+ 25. Nxd1 Kf8 26. Ne3 Ke7 27. Nf5+ Ke6 28. Nxh6 Bd5 29. Ng4 Bxa2 30. g3 Bd5 31. f4 gxf4 32.
gxf4 Kf5 33. Ne3+ Ke4 34. Nxd5 Kxd5 35. h4 Ke4 36. h5 Kf5 37. Kf2 a5 38. Ke3 a4 39. Kd4 b5 40. Kc5 c6 41. Kb4 f6 42. h6 Kg6 43. e6 Kxh6 44. e7 1-0

[Event "Early-Titled-Tuesday-Blitz-June-18-2024"]
[Site "Chess.com"]
[Date "2024.06.18"]
[Round "3"]
[White "ChessSwole"]
[Black "rionelG"]
[Result "1/2-1/2"]
[WhiteElo "2703"]
[BlackElo "2356"]
[TimeControl "180+1"]
[EndTime "8:29:57 PDT"]
[Termination "Game drawn by repetition"]

1. e4 c5 2. Nf3 d6 3. d4 cxd4 4. Nxd4 Nf6 5. Bc4 e6 6. Qe2 Be7 7. O-O O-O 8. Bd3 Nc6 9. Nxc6 bxc6 10. c4 Nd7 11. Bf4 e5 12. Be3 Bg5 13. Nc3 Bxe3 14.
Qxe3 Nc5 15. b4 Ne6 16. Rfd1 a5 17. a3 Nd4 18. Ne2 Qb6 19. Nxd4 exd4 20. Qd2 axb4 21. axb4 Rxa1 22. Rxa1 c5 23. b5 Bb7 24. h4 h6 25. Qf4 Re8 26. Qg4 Bc8 27. Qg3 Bb7 28.
Qg4 Re6 29. h5 Qd8 30. Ra7 Qb8 31.
Ra4 Qe8 32. f3 Qd8 33. Qf5 Qh4 34. Ra7 Qe1+ 35. Bf1 Re7 36. Rxb7 Rxb7 37. Qc8+ Kh7 38. Qxb7 d3 39. Qxf7 d2 40. Qg6+ Kg8 41. Qe6+ Kh7 42. Qf5+ Kg8 43. Qd5+ Kh8 44. Qf7 Qe3+ 45. Kh2 d1=Q 46.
Qe8+ Kh7 47. Qg6+ Kg8 48. Qe8+ Kh7 49. Qg6+ Kg8 50. Qe8+ Kh7 1/2-1/2

[Event "Early-Titled-Tuesday-Blitz-June-18-2024"]
[Site "Chess.com"]
[Date "2024.06.18"]
[Round "3"]
[White "SaraBlackPanther"]
[Black "Murad_Ibrahimli"]
[Result "0-1"]
[WhiteElo "2709"]
[BlackElo "2933"]
[TimeControl "180+1"]
[EndTime "8:29:58 PDT"]
[Termination "Murad_Ibrahimli won by resignation"]

1. d4 Nf6 2. c4 e6 3. Nf3 d5 4.
Bg5 dxc4 5. e4 h6 6. Bxf6 Qxf6 7. Bxc4 Bb4+ 8. Nbd2 O-O 9. O-O Nc6 10. a3 Bxd2 11. Qxd2 Rd8 12. Rad1 Nxd4 13. Nxd4 e5 14. Bd5 exd4 15. Qxd4 Qxd4 16. Rxd4 Kf8 17. Rfd1 c6 18.
Bb3 Rxd4 19. Rxd4 Ke7 20. f4 a5 21. Kf2 Ra6 22. Bd1 f6 23. Ke3 Be6 24. Be2 c5 25.
Rd2 Rb6 26. Bd1 Bb3 27. Bf3 Ba4 28. e5 fxe5 29. fxe5 Ke6 30. h4 g5 31. hxg5 hxg5 32. Kf2 Kxe5 33. Rd5+ Kf6 34. Rxc5 Rxb2+ 35. Kg3 b6 36. Rd5 Rb3 37. Kg4 Rxa3 38. Rd6+ Ke5 39. Rxb6 Bd7+ 40. Kxg5 a4 41. Rb7 Be6 42. Ra7 Ra1 43.
Ra5+ Kd4 44. Kf6 Bb3 45. g4 Rf1 46. Rf5 a3 47. g5 a2 0-1

[Event "Early-Titled-Tuesday-Blitz-June-18-2024"]
[Site "Chess.com"]
[Date "2024.06.18"]
[Round "3"]
[White "FishThatRoared"]
[Black "Jeppesen08"]
[Result "0-1"]
[WhiteElo "2242"]
[BlackElo "2468"]
[TimeControl "180+1"]
[EndTime "8:29:58 PDT"]
[Termination "Jeppesen08 won on time"]

1. e4 c5 2. d4 cxd4 3. c3 dxc3 4. Nxc3 Nc6 5. Nf3 d6 6. Bc4 a6 7. O-O Nf6 8. Bf4 Bg4 9. h3 Bxf3 10. Qxf3 Rc8 11.
Rfd1 Qc7 12. Rac1 e6 13. Nd5 exd5 14. exd5 Ne5 15. Bxe5 dxe5 16. Bb5+ axb5 17. Rxc7 Rxc7 18. Qe2 Bd6 19. Qxb5+ Rd7 20. g4 h6 21. h4 Nxg4 22.
Qc4 Nf6 23. Qc8+ Rd8 24. Qxb7 O-O 25. a4 e4 26. a5 Rb8 27. Qc6 Be5 28. a6 Bxb2 29.
a7 Ra8 30. Qb6 Be5 31. d6 Nd7 32. Qb7 Rfd8 33. Rd5 g5 34. hxg5 hxg5 35. Kg2 Kg7 36. Qc7 Kg6 37. Rb5 f6 38. Ra5 Nf8 39. Qc6 Bxd6 40.
Qxe4+ Kf7 41. Qd5+ Kg7 42. Qb7+ Kg6 43. Rd5 Be5 0-1

[Event "Early-Titled-Tuesday-Blitz-June-18-2024"]
[Site "Chess.com"]
[Date "2024.06.18"]
[Round "3"]
[White "superchess02"]
[Black "Vengea_nce"]
[Result "1-0"]
[WhiteElo "2883"]
[BlackElo "2657"]
[TimeControl "180+1"]
[EndTime "8:29:59 PDT"]
[Termination "superchess02 won by resignation"]

1. b3 e5 2. Bb2 Nc6 3. g3 g6 4.
Bg2 Bg7 5. c4 Nge7 6. Nc3 O-O 7.
e3 d5 8. cxd5 Nb4 9. d3 Nbxd5 10. Nge2 Nb4 11. Nc1 Bf5 12. e4 Be6 13. a3 Nbc6 14.
N1e2 Qd7 15. Qc2 Na5 16. b4 Nb3 17. Rd1 a5 18. O-O axb4 19. axb4 Nc6 20. Nd5 Bxd5 21. exd5 Ncd4 22. Nxd4 Nxd4 23. Qc4 Rfd8 24. Rfe1 c6 25. dxc6 Nxc6 26. Bxc6 Qxc6 27. Qxc6 bxc6 28. Bxe5 Bxe5 29.
Rxe5 Ra4 30. Rc5 Rd6 31. Rc4 Ra2 32. Rf4 Ra3 33. Rc4 Ra2 34. Rdc1 Rxd3 35. Rxc6 Rf3 36. R6c2 Rxc2 37. Rxc2 Rb3 38. Rc4 Kg7 39. h4 h5 40.
Rf4 Kg8 41. Kf1 Rb2 42. Ke1 Kg7 43. Kd1 f6 44. Kc1 Re2 45. b5 g5 46. hxg5 fxg5 47. Rf3 Re7 48. b6 Rb7 49. Rb3 Kg6 50. Kd2 h4 51. gxh4 gxh4 52. Ke2 Kf5 53. Kf3 Kg5 54. Rb5+ Kg6 55. Kg4 1-0

[Event "Early-Titled-Tuesday-Blitz-June-18-2024"]
[Site "Chess.com"]
[Date "2024.06.18"]
[Round "3"]
[White "rupeshjswl7"]
[Black "chess94cu"]
[Result "0-1"]
[WhiteElo "2373"]
[BlackElo "2621"]
[TimeControl "180+1"]
[EndTime "8:30:00 PDT"]
[Termination "chess94cu won by checkmate"]

1. e4 Nf6 2. Qe2 e5 3. g3 Nc6 4. c3 g6 5. Bg2 Bg7 6. Nf3 O-O 7. O-O d5 8. d3 a5 9. h3 Re8 10. Rd1 h6 11. Na3 b6 12. Nb5 a4 13. c4 d4 14.
Rb1 Nb4 15. b3 axb3 16. axb3 c6 17. Na3 Bf8 18. Nc2 Na2 19. Bd2 Bb7 20. Qe1 Nd7 21.
Nb4 Qe7 22. Nxa2 Rxa2 23. Ra1 Rea8 24. Rxa2 Rxa2 25. b4 b5 26. Ra1 Rxa1 27. Qxa1 bxc4 28. dxc4 c5 29. bxc5 Nxc5 30. Ne1 Bxe4 31. Bxe4 Nxe4 32.
Bc1 Qb4 33. Nf3 Qxc4 34. Nxe5 Qd5 35. Nd3 Nc3 36. Qb2 Qf3 37. Qd2 Ne2+ 38. Kf1 Nxg3+ 39. Kg1 Qh1# 0-1

[Event "Early-Titled-Tuesday-Blitz-June-18-2024"]
[Site "Chess.com"]
[Date "2024.06.18"]
[Round "3"]
[White "KubaGepard"]
[Black "Tol_Tol"]
[Result "1-0"]
[WhiteElo "2609"]
[BlackElo "2363"]
[TimeControl "180+1"]
[EndTime "8:30:00 PDT"]
[Termination "KubaGepard won by resignation"]

1. e4 c5 2. Nf3 Nc6 3. Nc3 e5 4. Bc4 Be7 5. d3 Nf6 6. a4 O-O 7. Nd2 d6 8. Nf1 Be6 9. Ne3 a6 10. g4 Rb8 11. g5 Ne8 12. h4 Nc7 13. a5 Nb5 14. Ncd5 Re8 15. Rg1 Bf8 16. Ng4 Bxg4 17.
Qxg4 Be7 18. Qh5 g6 19. Qf3 Nbd4 20. Qd1 Nb4 21. Ne3 Nbc6 22. c3 Ne6 23. Nd5 Nf4 24. Nxf4 exf4 25. Bxf4 Ne5 26. Bxe5 dxe5 27. Qf3 Rf8 28.
Ke2 Qd6 29. h5 b5 30. axb6 Rxb6 31. b3 Kg7 32. hxg6 fxg6 33. Qh3 Rf4 34. Rg2 h5 35. gxh6+ Kh7 36. Qg3 Qf6 37. f3 Bf8 38. Rh1 Bxh6 39. Rgh2 g5 40. Rxh6+ Qxh6 41. Rxh6+ Rxh6 42. Qxg5 Rh2+ 43. Ke3 Rh3 44. Qg8+ Kh6 45. Qh8+ 1-0

[Event "Early-Titled-Tuesday-Blitz-June-18-2024"]
[Site "Chess.com"]
[Date "2024.06.18"]
[Round "3"]
[White "VM2027"]
[Black "subham777"]
[Result "0-1"]
[WhiteElo "2338"]
[BlackElo "2593"]
[TimeControl "180+1"]
[EndTime "8:30:01 PDT"]
[Termination "subham777 won by resignation"]

1. e4 e6 2. d4 d5 3. Nc3 Nf6 4. e5 Nfd7 5. f4 c5 6. Nf3 Nc6 7. Be3 a6 8. Qd2 Be7 9. h4 b5 10. O-O-O c4 11. Ne2 b4 12. Kb1 Qa5 13. Qc1 Nb6 14.
f5 Rb8 15. f6 gxf6 16. exf6 Bxf6 17. Nf4 Na4 18. Nh5 Be7 19. Ne5 Nxe5 20. dxe5 Nc3+ 21.
bxc3 bxc3+ 22. Ka1 Ba3 23. Nf6+ Kd8 24. Bxc4 Bb2+ 25.
Qxb2 Rxb2 26. Nxd5 exd5 27. Rxd5+ Qxd5 28. Bxd5 Be6 29. Bg5+ Kc7 30. Bxe6 fxe6 31. Rc1 Rhb8 32. Be3 R8b5 33. Bd4 R2b4 34. Bxc3 Rxh4 35. Bb2 Rg4 36. c4 Rb4 37. Rh1 Rxg2 38. Rxh7+ Kc6 39. a3 Rbxb2 40.
Re7 Rbf2 41. Rxe6+ Kc5 42. Rb6 Kxb6 43. c5+ Kc6 0-1

[Event "Early-Titled-Tuesday-Blitz-June-18-2024"]
[Site "Chess.com"]
[Date "2024.06.18"]
[Round "3"]
[White "lucena125"]
[Black "rookpower2004"]
[Result "0-1"]
[WhiteElo "2237"]
[BlackElo "2468"]
[TimeControl "180+1"]
[EndTime "8:30:01 PDT"]
[Termination "rookpower2004 won by resignation"]

1. d4 d5 2. Nf3 e6 3. g3 c5 4. c3 Nf6 5. Bg2 Bd6 6. O-O O-O 7. b3 Nc6 8. Bb2 b6 9. Nbd2 Bb7 10. Rc1 cxd4 11. cxd4 Rc8 12. Ne5 Qe7 13. e4 dxe4 14. Nxe4 Nxe4 15. Bxe4 Bxe5 16. dxe5 Nb4 17. Bxb7 Qxb7 18.
Qe2 Nxa2 19. Rc4 Rxc4 20. Qxc4 a5 21. Rd1 Nb4 22. Ba3 b5 23. Qg4 Rc8 24. Bxb4 axb4 25.
Qxb4 Qf3 26. Qd4 h5 27. Qd3 Rc3 28. Qxf3 Rxf3 29. Rb1 g5 30. Kg2 g4 31. b4 Rd3 32.
h3 Kg7 33. hxg4 hxg4 34. Kf1 Kg6 35. Ke2 Rd5 36. f4 gxf3+ 37. Kxf3 Rxe5 38. Rd1 f5 39. Rd4 Kf6 40. Kf4 Re1 41. Kf3 Re5 42. Kf4 Rd5 43.
Rxd5 exd5 44. g4 fxg4 45. Kxg4 Ke5 46. Kf3 Kd4 47. Ke2 Kc4 48. Kd2 Kxb4 49. Kd3 Ka3 0-1

[Event "Early-Titled-Tuesday-Blitz-June-18-2024"]
[Site "Chess.com"]
[Date "2024.06.18"]
[Round "3"]
[White "sammartin99"]
[Black "FARIZA2018"]
[Result "0-1"]
[WhiteElo "2345"]
[BlackElo "2599"]
[TimeControl "180+1"]
[EndTime "8:30:02 PDT"]
[Termination "FARIZA2018 won on time"]

1. d4 Nf6 2. c4 e6 3. Nc3 d5 4. cxd5 exd5 5. Bg5 Be7 6. e3 h6 7. Bf4 O-O 8. Bd3 c6 9. h3 Re8 10. Nf3 Nbd7 11. O-O Nf8 12. Rb1 a5 13. a3 Bd6 14.
Ne5 Qe7 15. Qf3 Ne6 16. Bh2 Ng5 17. Qe2 Nge4 18. Nxe4 dxe4 19. Bc4 Be6 20. Rfc1 Rad8 21.
Qc2 Bxc4 22. Qxc4 Nd5 23. Qa4 Bc7 24. b4 axb4 25. axb4 Ra8 26. Qb3 Bxe5 27. Bxe5 Qe6 28. b5 Rec8 29. bxc6 bxc6 30. Rc5 Kh7 31. Qc2 Qg6 32.
Rc1 Ra6 33. Qe2 Rca8 34. Qg4 Qxg4 35. hxg4 f6 36. Bg3 Nb4 37. R5c4 Rb6 0-1

[Event "Early-Titled-Tuesday-Blitz-June-18-2024"]
[Site "Chess.com"]
[Date "2024.06.18"]
[Round "3"]
[White "UK_23"]
[Black "SuperGPatzer"]
[Result "1/2-1/2"]
[WhiteElo "2390"]
[BlackElo "2094"]
[TimeControl "180+1"]
[EndTime "8:30:02 PDT"]
[Termination "Game drawn by repetition"]

1. e4 g5 2. d4 h6 3. Nc3 d6 4. Be3 Nf6 5. f3 Nc6 6. Qd2 e5 7. Nge2 exd4 8. Nxd4 Bg7 9. O-O-O Bd7 10. Kb1 a6 11. h4 g4 12. h5 b5 13. Qf2 b4 14.
Nd5 gxf3 15. gxf3 Nxd5 16. exd5 Ne5 17. Rg1 Qf6 18. Bc1 O-O 19. Be2 Kh8 20. f4 c5 21. dxc6 Nxc6 22. Nxc6 Bxc6 23. Bd3 a5 24. Rg3 a4 25. Rdg1 Rg8 26. Qb6 Bd5 27. Rg6 fxg6 28. Rxg6 Qd4 29. Qxd6 Bxa2+ 30. Kxa2 Qxd6 31. Rxd6 b3+ 32.
cxb3 axb3+ 33. Kxb3 Rgb8+ 34. Kc2 Ra2 35. Rd7 Bxb2 36.
Bc4 Ra4 37. Bxb2+ Rxb2+ 38. Kxb2 Rxc4 39. Rf7 Kg8 40. Rf6 Kg7 41. Rg6+ Kh7 42. f5 Rc5 43. Rf6 Kg7 44. Rg6+ Kh7 45. f6 Rxh5 46. Rg7+ Kh8 47. Kc3 Re5 48. Kd4 Rf5 49. Rf7 Kg8 50. Rg7+ Kh8 51. Rg6 Kh7 52. Rg7+ Kh8 1/2-1/2

[Event "Early-Titled-Tuesday-Blitz-June-18-2024"]
[Site "Chess.com"]
[Date "2024.06.18"]
[Round "3"]
[White "Losingexperience"]
[Black "jcibarra"]
[Result "0-1"]
[WhiteElo "2765"]
[BlackElo "3007"]
[TimeControl "180+1"]
[EndTime "8:30:04 PDT"]
[Termination "jcibarra won by resignation"]

1. e4 c5 2. Nf3 Nc6 3. Bb5 e6 4. O-O Nd4 5. Nxd4 cxd4 6. c3 a6 7. Be2 Bc5 8. b4 Ba7 9. Bb2 Ne7 10. d3 d5 11. cxd4 Nc6 12. Nd2 Bxd4 13. Qb3 Qf6 14.
Rab1 O-O 15. Nf3 Bxb2 16. Qxb2 Qxb2 17. Rxb2 Rd8 18. a4 a5 19. b5 Nb4 20. e5 Bd7 21. Nd4 Rdc8 22. f4 Rc3 23. Rb3 Rac8 24. Kf2 b6 25. Rfb1 Rxb3 26. Rxb3 Rc1 27. Ke3 Kf8 28. Kd2 Ra1 29. Rc3 Rxa4 30. Rc7 Ra2+ 31. Ke3 Ke8 32. g4 Kd8 33. Rb7 Nc2+ 34. Nxc2 Rxc2 35. Rxb6 Rb2 36. d4 a4 37. Ra6 Rxe2+ 38. Kf3 Bxb5 39. Ra7 Rxh2 40. Rxf7 a3 41. Ra7 a2 42.
f5 Bc4 43. f6 gxf6 44. exf6 Rh1 45. f7 Rf1+ 46. Kg3 Rxf7 47. Ra8+ Ke7 48. g5 Rf1 49. Ra7+ Kf8 50. Kg4 a1=Q 51. Rb7 Qd1+ 52. Kg3 Rg1+ 53. Kh2 Rh1+ 54. Kg3 Qg1+ 55. Kf4 Qxd4+ 56.
Kf3 Rf1+ 57. Kg3 Qf4+ 0-1

[Event "Early-Titled-Tuesday-Blitz-June-18-2024"]
[Site "Chess.com"]
[Date "2024.06.18"]
[Round "3"]
[White "InitiatingASC"]
[Black "jens1102"]
[Result "0-1"]
[WhiteElo "2440"]
[BlackElo "2650"]
[TimeControl "180+1"]
[EndTime "8:30:05 PDT"]
[Termination "jens1102 won by resignation"]

1. d4 Nf6 2. c4 b6 3. Nc3 Bb7 4. Bg5 h6 5. Bxf6 exf6 6. e3 Bb4 7. Qb3 a5 8. Nf3 O-O 9. Be2 d5 10. O-O dxc4 11. Bxc4 f5 12. Ne2 Nd7 13. Ng3 f4 14. exf4 Nf6 15. Ne5 Nd5 16. f5 a4 17. Qd3 Nf4 18.
Qd1 Bxg2 19. Qg4 Bxf1 20. Rxf1 Qg5 21. Qxg5 hxg5 22. Ne4 Bd6 23. Nxg5 Bxe5 24. dxe5 Ra5 25. Re1 Rc5 26. b3 b5 27. Bf1 Re8 28. Nf3 c6 29.
bxa4 bxa4 30. Re4 Nd5 31. Rxa4 Nc3 32. Rc4 Rxc4 33. Bxc4 Ra8 34. Ng5 Nxa2 35. Nxf7 Nc3 36. e6 Kf8 37. Ne5 Ke7 38. Nxc6+ Kf6 39. e7 Ne4 40. Bd5 Nd6 41. Be6 Ra1+ 42. Kg2 Rc1 43. Nb8 Kxe7 44. Nd7 Rc7 45. Ne5 Rc5 46. Ng6+ Kf6 47.
Nh4 Re5 48. Bd7 Re4 49. Kg3 Rd4 50. Be6 Ne4+ 51. Kf3 Ng5+ 52. Ke3 Rxh4 0-1

[Event "Early-Titled-Tuesday-Blitz-June-18-2024"]
[Site "Chess.com"]
[Date "2024.06.18"]
[Round "3"]
[White "FLYD"]
[Black "ArrestingPieces"]
[Result "1/2-1/2"]
[WhiteElo "2164"]
[BlackElo "2542"]
[TimeControl "180+1"]
[EndTime "8:30:05 PDT"]
[Termination "Game drawn - insufficient material"]

1. e4 e5 2. Nf3 Nc6 3. Bc4 Bc5 4. O-O Nf6 5. d4 Bxd4 6. Nxd4 Nxd4 7. Bg5 d6 8. f4 Bg4 9. Bxf6 Bxd1 10. Bxd8 Rxd8 11. c3 Nc2 12. Rxd1 exf4 13. Nd2 Nxa1 14. Rxa1 Ke7 15. Rf1 g5 16. g3 Rhg8 17. Kh1 Rg6 18. gxf4 gxf4 19.
Rxf4 Rf6 20. Rh4 h6 21. h3 Rg8 22. Nf1 Rf2 23. Ne3 Rxb2 24. Nd5+ Kd8 25. Rxh6 Rbg2 26. Nf4 Rf2 27. Rf6 Rc2 28. Bxf7 Rc1+ 29. Kh2 Rc2+ 30. Kh1 Rg3 31. Rg6 Rc1+ 32. Kh2 Rxg6 33. Bxg6 Rxc3 34. h4 Rf3 35. Nd5 c6 36. Bh5 Rf2+ 37. Kg3 Rxa2 38.
Ne3 Ke7 39. Kf4 a5 40. Bd1 b5 41. h5 Rh2 42. Kg5 a4 43. Nf5+ Ke6 44. Nd4+ Ke5 45.
Nxc6+ Kxe4 46. Nb4 Kd4 47. h6 Kc4 48. Bh5 Rg2+ 49. Kf6 Rf2+ 50. Kg7 Rg2+ 51. Bg6 Rh2 52. Nc2 b4 53. Ne3+ Kb3 54. Bf7+ Kb2 55. Nc4+ Kc1 56.
Nxd6 b3 57. Nc4 b2 58. Nxb2 Kxb2 59. h7 a3 60. h8=Q Rxh8 61. Kxh8 a2 62. Bxa2 1/2-1/2

[Event "Early-Titled-Tuesday-Blitz-June-18-2024"]
[Site "Chess.com"]
[Date "2024.06.18"]
[Round "3"]
[White "AmbartsumianTyhran2012"]
[Black "Viktor_Poddubnyi"]
[Result "0-1"]
[WhiteElo "2512"]
[BlackElo "2322"]
[TimeControl "180+1"]
[EndTime "8:30:05 PDT"]
[Termination "Viktor_Poddubnyi won by resignation"]

1. e4 g6 2. d4 Bg7 3. Nc3 d6 4. Be3 a6 5. a4 Nc6 6. Nf3 Nf6 7. h3 O-O 8. Bc4 Nxe4 9. Nxe4 d5 10. Bd3 dxe4 11.
Bxe4 Be6 12. O-O Bd5 13. Bxd5 Qxd5 14. Re1 Rad8 15. c3 e5 16. dxe5 Qxd1 17. Raxd1 Nxe5 18. Nxe5 Rxd1 19. Rxd1 Bxe5 20. Rd7 Rc8 21. Bc5 b6 22.
Be7 f5 23. g3 Re8 24. f4 Bg7 25. Rxc7 Kf7 26. Bg5+ Kg8 27. Rd7 Re2 28. b4 Bxc3 29.
b5 axb5 30. axb5 Rb2 31. Rd5 Bb4 32. Bf6 Bc5+ 33. Rxc5 Rb1+ 34. Kf2 bxc5 35. b6 Rxb6 36. Be7 Rc6 37. Ke3 c4 38. Kd2 Kf7 39. Bb4 Ke6 40. Kc3 Kd5 41. Kc2 Ke4 42. Be1 Kf3 43. Kc3 Rc8 44. Kd4 c3 45. Bxc3 Rxc3 46. Kxc3 Kxg3 47. h4 Kxf4 48. Kd4 Kg4 49. h5 gxh5 0-1

[Event "Early-Titled-Tuesday-Blitz-June-18-2024"]
[Site "Chess.com"]
[Date "2024.06.18"]
[Round "3"]
[White "MagnusCarlsen"]
[Black "Adar_07"]
[Result "1/2-1/2"]
[WhiteElo "3180"]
[BlackElo "2806"]
[TimeControl "180+1"]
[EndTime "8:30:08 PDT"]
[Termination "Game drawn by agreement"]

1. b3 Nc6 2. Bb2 e5 3. c4 Nf6 4. e3 a6 5. Nf3 e4 6. Nd4 Ne5 7. f4 exf3 8. Nxf3 Ng6 9. Nc3 Be7 10. Bd3 O-O 11. O-O d5 12. Nxd5 Nxd5 13. cxd5 Qxd5 14.
Nd4 Bd6 15. Qf3 Qe5 16. Qg3 Qh5 17. Rf4 Nxf4 18. exf4 Qg4 19. Nf5 Bxf5 20. Bxf5 Qxg3 21. hxg3 Rad8 22. Kf1 Rfe8 23. Rc1 g6 24. Bg4 c6 25. Bf3 Bb4 26. d4 Re3 27. Rd1 Rde8 28. d5 Re1+ 29. Rxe1 Rxe1+ 30. Kf2 cxd5 31. Be5 Rc1 32.
Bxd5 b6 33. a4 Bc5+ 34. Kf3 a5 35. g4 Rf1+ 36. Ke4 Re1+ 37. Kd3 Re3+ 38. Kc4 Kf8 39. Kb5 Rxe5 40. fxe5 Ke7 41. Kc6 Bd4 42. Bc4 Bxe5 43. Kxb6 Bc3 44. Kc5 Bb4+ 45. Kd5 Kf6 46. Ke4 Kg5 47. Kf3 f5 48. gxf5 Kxf5 49. g4+ 1/2-1/2

[Event "Early-Titled-Tuesday-Blitz-June-18-2024"]
[Site "Chess.com"]
[Date "2024.06.18"]
[Round "3"]
[White "CristhianPortalR"]
[Black "Puzzlebot_1294"]
[Result "1-0"]
[WhiteElo "2495"]
[BlackElo "2667"]
[TimeControl "180+1"]
[EndTime "8:30:08 PDT"]
[Termination "CristhianPortalR won by checkmate"]

1. e4 e5 2. Nf3 Nc6 3. d4 exd4 4. Nxd4 Nf6 5. Nxc6 bxc6 6. e5 Qe7 7. Qe2 Nd5 8. h4 f6 9. c4 Ba6 10. Rh3 fxe5 11.
Ra3 Nb4 12. Re3 d6 13. a3 Nd5 14. Qf3 Nxe3 15. Qxc6+ Kf7 16. Bxe3 Rb8 17. Qxa6 Rxb2 18. Nc3 Qxh4 19. Qxa7 Be7 20. Qxc7 Rhb8 21. c5 d5 22.
Qxe5 Bf6 23. Qxd5+ Kf8 24. Qd6+ Kf7 25. Rc1 Bxc3+ 26. Rxc3 Rb1+ 27. Rc1 Rxc1+ 28. Bxc1 Re8+ 29. Be2 Re6 30. Qd7+ Re7 31. Qd5+ Ke8 32. Qa8+ Kf7 33. Qf3+ Ke8 34. Be3 Qh1+ 35. Kd2 Rd7+ 36. Kc2 Qa1 37. Qe4+ Re7 38. Bb5+ Kf8 39. Qf5+ Rf7 40. Qc8+ Ke7 41.
Qe8+ Kf6 42. Qc6+ Kf5 43. Bd3+ Kg4 44. Qe4+ Kh5 45. Qd5+ Kh4 46. Qg5# 1-0

[Event "Early-Titled-Tuesday-Blitz-June-18-2024"]
[Site "Chess.com"]
[Date "2024.06.18"]
[Round "3"]
[White "ulises2013"]
[Black "hellokostya"]
[Result "1-0"]
[WhiteElo "2870"]
[BlackElo "2643"]
[TimeControl "180+1"]
[EndTime "8:30:09 PDT"]
[Termination "ulises2013 won by resignation"]

1. e4 c5 2. g3 e6 3. Bg2 Nc6 4. Ne2 Nf6 5. O-O Be7 6. c3 O-O 7. d4 cxd4 8. cxd4 d5 9. e5 Nd7 10. Nbc3 Rb8 11. Be3 b5 12. Rc1 a5 13. Nxd5 Nb4 14.
Nxb4 axb4 15. Nf4 Nb6 16. d5 exd5 17. Nxd5 Nxd5 18. Qxd5 Be6 19. Qxd8 Rfxd8 20. b3 Bg4 21. h3 Be2 22. Rfe1 Bd3 23. Rc7 Bf8 24. Rec1 Re8 25. f4 Red8 26. Kf2 h5 27. g4 hxg4 28. hxg4 g6 29.
Bf3 Bh6 30. g5 Bf8 31. Bg4 Be4 32. e6 Bd6 33. exf7+ Kf8 34. Ra7 Ra8 35. Be6 Rxa7 36. Bxa7 Bxf4 37. Bc5+ Kg7 38. f8=Q+ Rxf8 39. Bxf8+ Kxf8 40.
Rc5 Ke7 41. Bg4 Bd3 42. Be2 Bb1 43. Rxb5 Bd2 44. Bc4 Bxa2 45. Ke2 Bc3 46. Rb6 Bb1 47. Bd3 Ba2 48. Bc2 Kf7 49. Kf3 Bd2 50. Kg4 Bc3 51. Rd6 Be1 52. Ra6 1-0

[Event "Early-Titled-Tuesday-Blitz-June-18-2024"]
[Site "Chess.com"]
[Date "2024.06.18"]
[Round "3"]
[White "Dreamer_01"]
[Black "profedechess93"]
[Result "0-1"]
[WhiteElo "2385"]
[BlackElo "2604"]
[TimeControl "180+1"]
[EndTime "8:30:09 PDT"]
[Termination "profedechess93 won on time"]

1. e4 e6 2. d4 d5 3. Bd3 dxe4 4. Bxe4 Nf6 5. Bf3 Nbd7 6. Ne2 e5 7. Ng3 exd4 8. O-O Be7 9. Qxd4 O-O 10. Nc3 Bc5 11. Qh4 Ne5 12. Be2 Ng6 13. Qc4 Bb6 14. Bg5 Be6 15. Qa4 h6 16. Rad1 Qe7 17. Bc1 Rfd8 18.
Bf3 c6 19. Nce4 Nd5 20. c4 Ndf4 21. c5 Bc7 22. Nd6 Nd5 23. Nxb7 Rdc8 24. Rfe1 Bxg3 25. Na5 Bc7 26. Nxc6 Qxc5 27. b4 Qd6 28. g3 Nc3 29. Rxd6 Nxa4 30. Rdxe6 fxe6 31. Rxe6 Nf8 32. Ne7+ Kf7 33.
Ra6 Kxe7 34. Bxa8 Rxa8 35. Rxa4 Bb6 36. b5 Ne6 37. Re4 Kd7 38. a4 Rc8 39. Bd2 Rc2 40. Be1 Nc5 41. Rd4+ Ke6 42. Rg4 Nd3 43. Kf1 g5 44.
Re4+ Kd5 45. Re8 Rc1 46. Re7 Ba5 47. Rd7+ Ke4 48. Re7+ Kf5 0-1

[Event "Early-Titled-Tuesday-Blitz-June-18-2024"]
[Site "Chess.com"]
[Date "2024.06.18"]
[Round "3"]
[White "GMBenjaminBok"]
[Black "chessfatbear"]
[Result "1-0"]
[WhiteElo "3006"]
[BlackElo "2761"]
[TimeControl "180+1"]
[EndTime "8:30:11 PDT"]
[Termination "GMBenjaminBok won on time"]

1. d4 Nf6 2. c4 e6 3. Nc3 d5 4. cxd5 exd5 5. Bg5 c6 6. e3 h6 7. Bh4 Be7 8. Bd3 O-O 9. Nge2 Re8 10. O-O a5 11. Rc1 Nbd7 12. f3 b5 13. Bf2 Ba6 14. Ng3 Bf8 15. e4 b4 16. Na4 Bxd3 17. Qxd3 dxe4 18. fxe4 Ng4 19. Qf3 Qh4 20. h3 Nxf2 21. Rxf2 c5 22. Qxf7+ Kh8 23. Nf5 Qg5 24. Rcf1 Nf6 25.
h4 Qh5 26. Qxh5 Nxh5 27. Nxc5 g6 28. Ne3 Bxc5 29. dxc5 Rxe4 30. c6 Kg8 31. c7 Rxe3 32.
Rf8+ Rxf8 33. Rxf8+ Kxf8 34. c8=Q+ Re8 35. Qc5+ Kf7 36.
Qxa5 Nf6 37. Qxb4 g5 38. hxg5 hxg5 39. a4 Kg6 40. a5 Re4 41. Qxe4+ Nxe4 42. a6 1-0